Map: [TLMC14] Blackburn

Players

Rogue - Winner!

  • Race: Zerg Zerg

Elazer

  • Race: Zerg Zerg

Event: DreamHack SC2 Masters Last Chance 2022

VOD

Have the link to the VOD?

Description

Time

  • Played on: Jan. 11, 2022, 8:08 a.m.
  • Length: 8:57

All games in this series

Show
View Real Time Build Order
Export as new Build Order

Rogue Zerg - Winner!

Build Orders: Hatch First 

Get SALT Encoding   

  12  0:00  Drone  
  13  0:12  Overlord  
  13  0:17  Drone  
  14  0:31  Drone x2  
  14  0:35  Drone  
  17  0:52  Hatchery  
  17  0:55  Drone  
  17  0:58  Drone  
  18  1:09  Extractor  
  17  1:13  Spawning Pool  
  17  1:16  Drone  
  17  1:19  Drone  
  18  1:28  Drone  
  19  1:40  Drone  
  20  1:51  Drone  
  21  2:02  Zergling x2  
  21  2:03  Queen  
  21  2:04  Queen  
  21  2:05  Overlord  
  26  2:11  Drone  
  27  2:17  Drone  
  27  2:18  Metabolic Boost  
  28  2:25  Drone  
  28  2:26  Drone  
  30  2:33  Drone  
  30  2:37  Drone  
  32  2:47  Hatchery  
  32  2:48  Queen  
  33  2:54  Baneling Nest  
  33  2:56  Drone x2  
  34  2:59  Overlord  
  34  3:01  Drone  
  35  3:08  Drone  
  36  3:18  Drone x4  
  36  3:19  Zergling x4  
  42  3:22  Lair, Extractor  
  42  3:24  Drone  
  43  3:27  Drone  
  43  3:31  Drone  
  43  3:33  Extractor  
  43  3:34  Extractor  
  43  3:36  Overlord  
  43  3:38  Drone  
  43  3:46  Drone  
  44  3:55  Drone x4  
  47  3:58  Drone x3  
  47  4:00  Drone  
  47  4:02  Drone  
  53  4:12  Zergling x4  
  53  4:15  Overlord  
  53  4:16  Drone x3  
  58  4:23  Drone, Spire  
  58  4:24  Overlord  
  58  4:29  Overlord  
  58  4:30  Extractor  
  57  4:31  Zergling x2  
  57  4:33  Overlord, Extractor  
  57  4:35  Drone  
  57  4:37  Zergling x10  
  63  4:43  Zergling x2  
  63  4:45  Zergling x4  
  65  4:49  Zergling x6  
  68  4:56  Zergling x2  
  68  4:57  Zergling x2  
  70  5:00  Zergling x2  
  70  5:01  Zergling x6  
  74  5:08  Overlord  
  74  5:17  Overlord  
  74  5:34  Mutalisk x11  
  96  5:41  Zerg Flyer Weapons Level 1  
  96  5:42  Zergling x4  
  98  5:47  Overlord  
  96  5:51  Mutalisk  
  98  6:04  Mutalisk x2  
  96  6:09  Mutalisk  
  100  6:11  Mutalisk  
  100  6:15  Zergling x2  
  102  6:23  Mutalisk x2  
  94  6:31  Zergling x6  
  92  6:33  Zergling x2  
  90  6:40  Mutalisk  
  90  6:43  Drone x2  
  94  6:50  Mutalisk  
  96  6:58  Mutalisk  
  96  7:01  Drone  
  98  7:08  Drone x2  
  99  7:12  Drone x4  
  99  7:15  Drone  
  103  7:22  Mutalisk x2  
  106  7:30  Mutalisk x2  
  106  7:35  Drone  
  106  7:36  Drone x3  
  113  7:39  Overlord  
  113  7:43  Overlord  
  111  7:47  Mutalisk  
  113  7:57  Overlord  
  113  7:59  Mutalisk  
  113  8:00  Mutalisk x2  
  119  8:05  Overlord  
  119  8:06  Zergling x4  
  119  8:12  Mutalisk  
  120  8:16  Mutalisk  
  120  8:18  Zergling x12  
  120  8:19  Zergling x2  
  105  8:28  Drone x4  
  105  8:30  Drone  
  109  8:42  Drone  
Show
View Real Time Build Order
Export as new Build Order

Elazer Zerg 

Build Orders: Hatch First 

Get SALT Encoding   

  12  0:00  Drone  
  13  0:12  Overlord  
  13  0:17  Drone  
  14  0:30  Drone x2  
  16  0:47  Hatchery  
  15  0:50  Drone  
  15  0:54  Drone  
  17  0:57  Drone  
  18  1:08  Extractor  
  17  1:12  Spawning Pool  
  17  1:16  Drone  
  17  1:19  Drone  
  18  1:27  Drone  
  19  1:38  Drone  
  20  1:49  Drone  
  21  1:59  Queen x2  
  21  2:00  Drone, Overlord  
  26  2:10  Drone  
  26  2:11  Drone  
  28  2:21  Drone x2  
  30  2:34  Queen  
  32  2:37  Lair  
  32  2:39  Drone, Overlord  
  32  2:43  Drone x2  
  35  2:54  Evolution Chamber  
  35  2:56  Drone x2  
  36  3:04  Drone x2  
  38  3:06  Roach Warren  
  38  3:07  Drone x3  
  38  3:09  Drone  
  38  3:10  Drone  
  42  3:15  Overlord  
  42  3:17  Drone  
  42  3:19  Drone  
  44  3:23  Zerg Missile Weapons Level 1  
  44  3:25  Extractor  
  43  3:27  Drone, Extractor  
  43  3:29  Drone  
  44  3:40  Drone x2  
  46  3:42  Drone x2  
  46  3:44  Overlord  
  46  3:45  Glial Reconstitution  
  48  3:49  Roach x2  
  48  3:55  Evolution Chamber  
  51  3:57  Overlord  
  51  3:59  Drone  
  52  4:05  Roach x3  
  58  4:14  Roach  
  58  4:15  Overlord  
  60  4:18  Roach x3  
  60  4:23  Overlord  
  66  4:25  Roach  
  68  4:35  Roach x3  
  74  4:43  Roach x5  
  84  4:47  Overlord  
  84  4:56  Hatchery  
  83  5:02  Overlord  
  83  5:12  Roach x4  
  91  5:18  Zerg Missile Weapons Level 2  
  91  5:22  Overlord  
  91  5:23  Roach x2  
  95  5:33  Roach x2  
  95  5:34  Overlord  
  99  5:41  Zerg Ground Armor Level 1  
  99  5:59  Roach x6  
  111  6:04  Overlord  
  111  6:12  Drone x3  
  114  6:20  Queen  
  114  6:22  Queen x2  
  92  6:48  Nydus Network  
  92  6:52  Roach x9  
  109  6:55  Queen  
  109  6:57  Queen x2  
  107  7:08  Roach x2  
  101  7:21  Roach x6  
  109  7:30  Overlord x2  
  109  7:34  Nydus Canal  
  105  7:47  Queen x2  
  108  7:59  Roach x7  
  100  8:23  Ravager  
  79  8:27  Roach  
  79  8:28  Roach x4  
  79  8:32  Spore Crawler  
  88  8:35  Spore Crawler  

Tags
 
Add a new tag
Caveats
  • Supply blocks, unpowered buildings, or Contaminate may cause inaccurate times.
  • Supply counts are checked every 10 seconds.